 Dungeon Crawl Stone Soup version 0.19.4-25-g1b72edd (webtiles) character file.

254 vatarom the Zephyrmancer (level 6, -4/32 HPs)
             Began as a Tengu Air Elementalist on Feb 28, 2017.
             Killed by divine providence
             ... invoked by an orc priest
              (13 damage)
             ... on level 4 of the Dungeon.
             The game lasted 00:07:37 (4369 turns).

vatarom the Zephyrmancer (Tengu Air Elementalist)   Turns: 4369, Time: 00:07:38

Health: -4/32      AC:  3    Str:  6 (9)  XL:     6   Next: 14%
Magic:  1/10       EV: 12    Int: 17      God:
Gold:   249        SH:  0    Dex: 12 (14) Spells: 4 memorised, 1 level left

rFire  . . .     SeeInvis .     d - +0 dagger
rCold  + . .     Gourm    .     a - +0 robe
rNeg   . . .     Faith    .     (no shield)
rPois  .         Spirit   .     (helmet restricted)
rElec  .         Reflect  .     c - +0 cloak
rCorr  .         Harm     .     (no gloves)
MR     .....                    (boots unavailable)
Stlth  ++........               (no amulet)
                                (no ring)
                                k - ring of protection from cold

@: no status effects
A: beak, talons 3, able to fly 1
a: Fly


You were on level 4 of the Dungeon.
You were not hungry.

You visited 1 branch of the dungeon, and saw 4 of its levels.

You collected 249 gold pieces.

Inventory:

Hand Weapons
 d - a +0 dagger (weapon)
Armour
 a - a +0 robe (worn)
 c - a +0 cloak (worn)
Jewellery
 k - a ring of protection from cold (left hand)
Wands
 g - a wand of iceblast (5/15)
Scrolls
 p - a scroll of enchant weapon
Potions
 e - a potion of resistance
 f - 2 potions of might
 j - a potion of brilliance
 l - a potion of ambrosia
 o - 4 potions of curing
Books
 b - a book of Air

   Spells                             Type                      Level
   a - Shock                          Conjuration/Air              1
   b - Swiftness                      Charms/Air                   2
   c - Repel Missiles                 Charms/Air                   2
   d - Static Discharge               Conjuration/Air              3
   e - Lightning Bolt                 Conjuration/Air              5
Comestibles
 h - a beef jerky
 i - 3 fruits
 m - a bread ration
 n - a royal jelly


   Skills:
 - Level 2.1 Dodging
 - Level 2.0 Stealth
 - Level 2.0 Spellcasting
 - Level 1.3 Conjurations
 + Level 8.8 Air Magic


You had one spell level left.
You knew the following spells:

 Your Spells              Type           Power        Failure   Level  Hunger
a - Shock                 Conj/Air       ###.         2%          1    #......
b - Repel Missiles        Chrm/Air       ###...       6%          2    ###....
c - Swiftness             Chrm/Air       ###.....     6%          2    ###....
d - Static Discharge      Conj/Air       ###.....     10%         3    ###....


Dungeon Overview and Level Annotations

Branches:
Dungeon (4/15)
 Temple: D:4-7

Altars:
Dithmenos
Hepliaklqana
Uskayaw


Innate Abilities, Weirdness & Mutations

You have a beak for a mouth.
You have claws for feet.
You can fly.


Message History

The zap misses the orc.
The zap hits the orc.
The orc appears unharmed.
The orc priest barely misses you.
Casting: Shock
Confirm with . or Enter, or press ? or * to list all spells.
You don't have enough magic to cast that spell.
Unknown command.
You hit the orc priest. Your kick misses the orc priest.
The orc priest is almost dead.
The orc priest closely misses you.
You hit the orc priest.
You kill the orc priest!
You feel your intelligence returning. The orc barely misses you.
The orc hits you with a whip.
* * * LOW HITPOINT WARNING * * *
An orc priest comes into view. It is wielding a falchion.
The orc priest shouts!
The orc priest mumbles some strange prayers to Beogh against you.
Beogh smites you!
You die... #.o...##...........###.# ..oo............>.'...# oo#

##.#.........#####
#######.####.#.........#
......o......#.........#
#######)####.#.........#
#.......o.# #.........#
#........o#+#.........#
#####........o@.....#######
#...................#
#(..................#
#.............#'#####
#.....######+##.# #.....#
#.# #.....# #.# #.....# ..#
#.....# ..#


You could see an orc priest and 3 orcs.

Vanquished Creatures
  An orc wizard (D:3)
  2 orc priests (D:4)
  Ijyb (D:3)
  A worker ant zombie (D:4)
  3 adders
  2 oozes
  A worm (D:3)
  3 dart slugs
  3 leopard geckos
  7 orcs
  2 giant cockroaches (D:1)
  15 goblins
  4 hobgoblins
  3 jackals (D:3)
  10 kobolds
  2 quokkas
  A ball python (D:2)
  7 bats
  2 frilled lizards
  13 rats
83 creatures vanquished.

Notes
Turn   | Place    | Note
-------+----------+-------------------------------------------
     0 | D:1      | vatarom the Tengu Air Elementalist began the quest for the Orb.
     0 | D:1      | Reached XP level 1. HP: 10/10 MP: 4/4
   128 | D:1      | Reached XP level 2. HP: 15/15 MP: 3/6
   503 | D:1      | Reached skill level 5 in Air Magic
  1407 | D:2      | Learned a level 2 spell: Repel Missiles
  1410 | D:2      | Learned a level 2 spell: Swiftness
  1420 | D:2      | Reached XP level 3. HP: 19/19 MP: 4/7
  1773 | D:2      | Reached skill level 6 in Air Magic
  1845 | D:2      | Found a hide-covered altar of Uskayaw.
  1976 | D:2      | Reached XP level 4. HP: 19/24 MP: 3/8
  2038 | D:2      | Found a faded altar of an unknown god.
  2038 | D:2      | Found a hazy altar of Hepliaklqana.
  2043 | D:2      | Found a faded altar of an unknown god.
  2047 | D:2      | Found a faded altar of an unknown god.
  2051 | D:2      | Found a faded altar of an unknown god.
  2969 | D:3      | Found a shadowy altar of Dithmenos.
  3404 | D:3      | Reached skill level 7 in Air Magic
  3418 | D:3      | Gained mutation: You can fly. [Tengu growth]
  3418 | D:3      | Reached XP level 5. HP: 18/28 MP: 1/9
  3535 | D:3      | Learned a level 3 spell: Static Discharge
  3743 | D:3      | Noticed Ijyb
  3760 | D:3      | Killed Ijyb
  3760 | D:3      | Reached skill level 8 in Air Magic
  4361 | D:4      | Reached XP level 6. HP: 11/32 MP: 4/10
  4369 | D:4      | Killed from afar by an orc priest

Skill      XL: |  1  2  3  4  5 |
---------------+----------------+-----
Air Magic      | 5 6 7 8 |  8.8
Dodging        | |  2.1
Stealth        | |  2.0
Spellcasting   | |  2.0
Conjurations   | |  1.3

Action                   |  1- 3 |  4- 6 || total
-------------------------+-------+-------++-------
Melee: Unarmed           |    18 |       ||    18
       Peck              |     6 |     5 ||    11
       Dagger            |    16 |    47 ||    63
       Kick              |     7 |     9 ||    16
 Cast: Shock             |    57 |    95 ||   152
       Swiftness         |     1 |       ||     1
  Use: Scroll            |     8 |     6 ||    14
       Potion            |     2 |     1 ||     3
 Stab: Sleeping          |       |     2 ||     2
  Eat: Bread ration      |     1 |       ||     1
       Fruit             |       |     2 ||     2
       Chunk             |       |     2 ||     2
       Meat ration       |       |     1 ||     1
Armor: Robe              |    17 |    16 ||    33
Dodge: Dodged            |    27 |    59 ||    86
